 Dungeon Sprint DCSS version 0.23-a0-85-g22930c1 (webtiles) character file.

687 zb2018 the Severer (level 7, -5/68 HPs)
             Began as a Hill Orc Monk on Aug 14, 2018.
             Was a High Priest of Qazlal.
             Slain by a flayed ghost (13 damage)
             ... in the Dungeon (Sprint VII: "The Pits").
             The game lasted 00:04:04 (712 turns).

zb2018 the Severer (Hill Orc Monk)                   Turns: 712, Time: 00:04:05

Health: -5/68      AC: 11    Str: 16      XL:     7   Next: 62%
Magic:  7/7        EV: 13    Int: 10      God:    Qazlal [*****.]
Gold:   0          SH:  7    Dex: 12 (13) Spells: 6/6 levels left

rFire    . . .     SeeInvis .   e - +1 hand axe (chop)
rCold    . . .     Gourm    .   (no shield)
rNeg     . . .     Faith    .   o - +3 ring mail
rPois    .         Spirit   .   (no helmet)
rElec    .         Reflect  .   (no cloak)
rCorr    .         Harm     .   (no gloves)
MR       .....     NoTele   +   (no boots)
Stlth    +.........             (no amulet)
HPRegen  0.21/turn              (no ring)
MPRegen  0.10/turn              (no ring)

@: flayed, protected from physical damage, berserk cooldown, repel missiles
A: no striking features
a: Upheaval, Elemental Force, Disaster Area, Renounce Religion


You were in the Dungeon.
You worshipped Qazlal.
Qazlal was extremely pleased with you.
You were not hungry.

You visited 1 branch

Inventory:

Hand Weapons
 e - a +1 hand axe of chopping (weapon)
 n - a +2 hand axe
 q - a +0 shortbow
Missiles
 p - 13 arrows
Armour
 o - a +3 ring mail (worn)
Scrolls
 i - a scroll of blinking
 k - 3 scrolls of remove curse
 l - 5 scrolls of amnesia
 m - a scroll of summoning
Potions
 a - 5 potions of heal wounds
 d - 6 potions of curing
 f - a potion of haste
 g - 4 potions of magic
 h - 2 potions of berserk rage
 j - 2 potions of invisibility
Comestibles
 b - 3 chunks of flesh
 c - 9 rations


   Skills:
 + Level 8.3 Fighting
 * Level 15.7 Axes
 + Level 3.1 Armour
 + Level 6.2 Dodging
 + Level 2.7 Stealth


You had 6 spell levels left.
You didn't know any spells.
Your spell library was empty.

Dungeon Overview and Level Annotations

Branches:
Dungeon (1/1)

Altars:
Ashenzari
Cheibriados
Dithmenos
Elyvilon
Fedhas
Gozag
Hepliaklqana
Kikubaaqudgha
Makhleb
Nemelex Xobeh
Okawaru
Qazlal
Ru
Sif Muna
Trog
Uskayaw
Vehumet
Wu Jian
Xom
Yredelemnul
Zin
The Shining One
Beogh
Jiyva
Lugonu


Message History

* * * LOW HITPOINT WARNING * * *
You feel protected from physical attacks.
You hit the flayed ghost.
The flayed ghost is heavily damaged.
The flayed ghost hits you!
* * * LOW HITPOINT WARNING * * *
You hit the flayed ghost.
The flayed ghost is heavily damaged.
You hit the flayed ghost.
The flayed ghost is severely damaged.
The flayed ghost closely misses you.
You hit the flayed ghost.
The flayed ghost is severely damaged.
You closely miss the flayed ghost.
The flayed ghost is severely damaged.
The flayed ghost barely misses you.
You slash the flayed ghost!
The flayed ghost is almost destroyed.
The flayed ghost hits you!
You die...

#.#..[).)..##.......#
#'###########.......#
#.......#..##########
#.......#.######
#...#...#.#....#
#..###..#'#....#
#...#...#lg....+
#.......#W#
#.......'@#
###########


You could see a flayed ghost, a komodo dragon and a gnoll.

Vanquished Creatures
  A molten gargoyle (D)
  A phantom (D)
  A centaur (D)
  2 bullfrogs (D)
  A quasit (D)
  A gnoll (D)
  3 river rats (D)
  2 ufetubi (D)
  2 oozes (D)
  A bat skeleton (D)
  A giant cockroach (D)
  A goblin (D)
  A hobgoblin (D)
  2 jackals (D)
  A kobold (D)
  A rat (D)
22 creatures vanquished.

Notes
Turn   | Place    | Note
-------+----------+-------------------------------------------
     0 | D        | zb2018 the Hill Orc Monk began the quest for the Orb.
     0 | D        | Reached XP level 1. HP: 19/19 MP: 1/1
    18 | D        | Found a bloodstained altar of Trog.
    18 | D        | Found a deep blue altar of Sif Muna.
    18 | D        | Found a viscous altar of Jiyva.
    18 | D        | Found a hazy altar of Hepliaklqana.
    18 | D        | Found an opulent altar of Gozag.
    19 | D        | Found a glowing golden altar of the Shining One.
    19 | D        | Found a glowing silver altar of Zin.
    19 | D        | Found a basalt altar of Yredelemnul.
    19 | D        | Found a shimmering altar of Xom.
    19 | D        | Found an ornate altar of the Wu Jian Council.
    19 | D        | Found a sacrificial altar of Ru.
    19 | D        | Found a stormy altar of Qazlal.
    19 | D        | Found an iron altar of Okawaru.
    19 | D        | Found a sparkling altar of Nemelex Xobeh.
    19 | D        | Found a burning altar of Makhleb.
    19 | D        | Found a blossoming altar of Fedhas.
    19 | D        | Found a white marble altar of Elyvilon.
    19 | D        | Found a shadowy altar of Dithmenos.
    19 | D        | Found a snail-covered altar of Cheibriados.
    21 | D        | Found a radiant altar of Vehumet.
    21 | D        | Found a corrupted altar of Lugonu.
    21 | D        | Found a roughly hewn altar of Beogh.
    22 | D        | Found a hide-covered altar of Uskayaw.
    22 | D        | Found an ancient bone altar of Kikubaaqudgha.
    22 | D        | Found a shattered altar of Ashenzari.
    28 | D        | Became a worshipper of Qazlal Stormbringer
    28 | D        | Reached * piety under Qazlal
    28 | D        | Reached ** piety under Qazlal
    79 | D        | Reached skill level 5 in Axes
    79 | D        | Reached XP level 2. HP: 28/28 MP: 2/2
   189 | D        | Reached skill level 6 in Axes
   195 | D        | Reached skill level 5 in Fighting
   195 | D        | Reached XP level 3. HP: 26/36 MP: 3/3
   277 | D        | Reached *** piety under Qazlal
   277 | D        | Reached skill level 7 in Axes
   311 | D        | Reached **** piety under Qazlal
   386 | D        | Noticed a phantom
   386 | D        | Noticed a centaur
   386 | D        | Noticed a bullfrog
   399 | D        | Killed a bullfrog
   399 | D        | Reached skill level 10 in Axes
   399 | D        | Reached XP level 4. HP: 40/44 MP: 4/4
   399 | D        | Reached XP level 5. HP: 45/50 MP: 5/5
   409 | D        | Killed a centaur
   409 | D        | Reached skill level 11 in Axes
   409 | D        | Reached skill level 1 in Armour
   424 | D        | Reached ***** piety under Qazlal
   445 | D        | Killed a phantom
   445 | D        | Reached skill level 13 in Axes
   445 | D        | Reached skill level 5 in Dodging
   445 | D        | Reached XP level 6. HP: 24/60 MP: 6/6
   643 | D        | Noticed a molten gargoyle
   648 | D        | Killed a molten gargoyle
   648 | D        | Reached skill level 15 in Axes
   648 | D        | Reached XP level 7. HP: 68/68 MP: 7/7
   697 | D        | Noticed a komodo dragon
   699 | D        | Noticed a flayed ghost
   712 | D        | Slain by a flayed ghost

Vault maps used:
D:        pitsprint

Skill      XL: |  1  2  3  4  5  6  7 |
---------------+----------------------+-----
Fighting       | 4 5 7 8 |  8.3
Axes           | 5 6 10 13 15 | 15.7
Dodging        | 3 4 5 6 |  6.2
Stealth        | 2 |  2.7
Armour         | 1 2 3 |  3.1

Action                   |  1- 3 |  4- 6 |  7- 9 || total
-------------------------+-------+-------+-------++-------
Melee: Hand axe          |    36 |    34 |    46 ||   116
  Use: Potion            |     1 |     1 |       ||     2
Armor: Robe              |     5 |       |       ||     5
       Ring mail         |     2 |     5 |    23 ||    30
Dodge: Dodged            |    20 |     8 |    45 ||    73
       Deflected         |     2 |       |       ||     2
Block: Other             |     2 |     5 |    20 ||    27

Table legend:
 A = Non-vault XP
 B = Vault XP
 C = Vault XP percentage of total XP
 D = Non-vault monster count
 E = Vault monster count
 F = Vault count percentage of total count
 G = Total turns spent on level
                 A         B        C        D         E       F
            +---------+---------+-------+---------+---------+-------
      Total |       0 |     982 | 100.0 |       0 |      22 | 100.0
            +---------+---------+-------+---------+---------+-------
          D |       0 |     982 | 100.0 |       0 |      22 | 100.0
            +---------+---------+-------+---------+---------+-------
